 Dungeon Crawl Stone Soup version 0.26-a0-8-gc4d20be10f (webtiles) character file.

Game seed: 15160202904191431814, levelgen mode: deterministic

36 HoaS the Ruffian (level 3, -5/36 HPs)
             Began as a Gargoyle Berserker on May 24, 2020.
             Was a Follower of Trog.
             Killed from afar by a white imp (8 damage)
             ... with a puff of frost
             ... summoned by Natasha
             ... on level 2 of the Dungeon.
             The game lasted 00:03:22 (1391 turns).

HoaS the Ruffian (Gargoyle Berserker)               Turns: 1391, Time: 00:03:23

Health: -5/36      AC:  9    Str: 21    XL:     3   Next: 37%
Magic:  3/3        EV: 11    Int:  7    God:    Trog [*.....]
Gold:   24         SH:  0    Dex:  9    Spells: 2/2 levels left

rFire    . . .     SeeInvis .     - Unarmed
rCold    . . .     Gourm    .   (no shield)
rNeg     + . .     Faith    .   a - +0 ring mail
rPois    ∞         Spirit   .   j - +0 helmet (curse)
rElec    +         Reflect  .   (no cloak)
rCorr    .         Harm     .   (no gloves)
MR       .....                  (no boots)
Stlth    ..........             (no amulet)
HPRegen  0.12/turn              (no ring)
MPRegen  0.08/turn              (no ring)

@: berserking, slowed
A: negative energy resistance 1, electricity resistance, unbreathing,
petrification resistance, rot immunity, AC +3
a: Berserk, Renounce Religion


You were on level 2 of the Dungeon.
You worshipped Trog.
Trog was aware of your devotion.
You were hungry.

You visited 1 branch of the dungeon, and saw 2 of its levels.

You collected 24 gold pieces.

Inventory:

Armour
 a - a +0 ring mail (worn)
 j - a cursed +0 helmet (worn)
Jewellery
 c - an uncursed ring of positive energy {unknown}
 k - a cursed ring of teleportation {unknown}
Scrolls
 d - a scroll of remove curse {unknown}
 e - a scroll of enchant armour {unknown}
 g - a scroll of noise {unknown}
 h - 2 scrolls of identify {unknown}
 i - a scroll of teleportation {unknown}
 l - a scroll of enchant weapon {unknown}
 m - a scroll of magic mapping {unknown}
 n - a scroll of amnesia {unknown}
Potions
 f - a potion of haste {unknown}
Comestibles
 b - 4 rations


   Skills:
 + Level 3.8 Fighting
 - Level 2.1 Armour
 - Level 1.5 Dodging
 * Level 4.0 Unarmed Combat


You had 2 spell levels left.
You didn't know any spells.
Your spell library was empty.

Dungeon Overview and Level Annotations

Branches:
Dungeon (2/15)

Altars:
Yredelemnul

Annotations:
D:2 1 runed translucent door, Natasha


Innate Abilities, Weirdness & Mutations

You are resistant to torment.
Your stone body is resilient. (AC +3)
You are immune to poison.
You resist negative energy. (rN+)
You are resistant to electric shocks. (rElec)
You can survive without breathing.
You are immune to petrification.
You are immune to rotting.


Message History

Natasha claws you but does no damage. The white imp gestures at you.
The puff of frost hits you.
You hit Natasha but do no damage.
Natasha is almost dead.
Natasha claws you.
The white imp hits you but does no damage. x2
Natasha claws you.
* * * LOW HITPOINT WARNING * * *
You miss Natasha.
Natasha is almost dead.
Natasha mumbles some strange words.
The white imp gestures at you. The puff of frost hits you.
* * * LOW HITPOINT WARNING * * *
A red film seems to cover your vision as you go berserk!
You feel yourself moving faster!
You feel mighty!
You are feeling hungry.
The white imp gestures at you. The puff of frost hits you!
You die...

........................
.######......####...(..)#
.............# #.......#
...#....###### #)......#
#....# #.......# #....#
#.#####.# #....## #.#
###+# ####..# #.# #....
###@## #.# #....
#$...h5..# #.###....
#......5.# ###.##.....
#........# ##..........
#######..# #....###....
#.###....#p#....
#........#+#...#
##.###.........#
#####..##..#####..#


You could see Natasha, a crimson imp (summoned) and a white imp (summoned).

Vanquished Creatures
  An adder (D:2)
  7 bats
  A giant cockroach (D:1)
  7 goblins
  4 kobolds
  2 frilled lizards (D:1)
  A kobold skeleton (D:2)
  2 rats
25 creatures vanquished.

Notes
Turn   | Place    | Note
-------+----------+-------------------------------------------
     0 | D:1      | HoaS the Gargoyle Berserker began the quest for the Orb.
     0 | D:1      | Reached XP level 1. HP: 14/14 MP: 1/1
   230 | D:1      | Reached XP level 2. HP: 17/19 MP: 2/2
  1090 | D:2      | Reached XP level 3. HP: 14/24 MP: 3/3
  1254 | D:2      | Found a runed translucent door.
  1254 | D:2      | Noticed a human
  1260 | D:2      | Found a basalt altar of Yredelemnul.
  1336 | D:2      | Reached skill level 4 in Unarmed Combat
  1374 | D:2      | Noticed Natasha
  1391 | D:2      | Killed from afar by a white imp

Illustrated notes

Levels and vault maps discovered:
D:1:      dpeg_arrival_rooms_b, layout_basic, minmay_indecisive_spiral
D:2:      layout_basic, dk_yredelemnul_ordeal, uniq_natasha,
          uniq_crazy_yiuf_cottage, uniq_jessica

Skill      XL: |  1  2  3 |
---------------+----------+-----
Unarmed Combat | 4 |  4.0
Fighting       | |  3.8
Armour         | |  2.1
Dodging        | |  1.5

Action                   || total
-------------------------++-------
Melee: Unarmed           ||   121
Invok: Berserk           ||     1
  Eat: Chunk             ||     2
Armor: Animal skin       ||     7
       Ring mail         ||    47
Dodge: Dodged            ||    91

Table legend:
 A = Non-vault XP
 B = Vault XP
 C = Vault XP percentage of total XP
 D = Non-vault monster count
 E = Vault monster count
 F = Vault count percentage of total count
                 A         B        C        D         E       F
            +---------+---------+-------+---------+---------+-------
      Total |      44 |       8 |  15.4 |      20 |       5 |  20.0
            +---------+---------+-------+---------+---------+-------
        D:1 |      23 |       7 |  23.3 |      15 |       4 |  21.1
        D:2 |      21 |       1 |   4.5 |       5 |       1 |  16.7
            +---------+---------+-------+---------+---------+-------
